 Dungeon Crawl Stone Soup version 0.26-a0-670-g578ab304f5 (webtiles) character file.

Game seed: 14742191131679907263

82 Kinoniko the Poker (level 4, 0/36 HPs)
             Began as a Ghoul Gladiator on Oct 19, 2020.
             Slain by a white imp (1 damage)
             ... on level 3 of the Dungeon.
             The game lasted 00:02:36 (2072 turns).

Kinoniko the Poker (Ghoul Gladiator)                Turns: 2072, Time: 00:02:37

Health: 0/36       AC:  4    Str: 16 (17) XL:     4   Next: 43%
Magic:  3/3        EV: 12    Int:  3 (4)  God:
Gold:   76         SH:  0    Dex:  8 (10) Spells: 3/3 levels left

rFire    . . .     SeeInvis .   f - +0 halberd
rCold    + . .     Faith    .   (shield currently unavailable)
rNeg     + + +     Spirit   .   b - +0 leather armour
rPois    ∞         Reflect  .   c - +0 helmet
rElec    .         Harm     .   (no cloak)
rCorr    .         Rampage  .   (no gloves)
MR       .....                  (no boots)
Stlth    +.........             (no amulet)
HPRegen  0.00/turn              (no ring)
MPRegen  0.08/turn              (no ring)

@: no status effects
A: rotting body, claws 1, cold resistance 1, negative energy resistance 3,
inhibited regeneration, torment resistance, unbreathing
a: no special abilities


You were on level 3 of the Dungeon.
You visited 1 branch of the dungeon, and saw 3 of its levels.

You collected 76 gold pieces.

Inventory:

Hand Weapons
 a - a +0 trident
 f - a +0 halberd (weapon)
Missiles
 d - 3 throwing nets (quivered)
Armour
 b - a +0 leather armour (worn)
 c - a +0 helmet (worn)
Scrolls
 e - a scroll of teleportation
 h - a scroll of fog {unknown}
Potions
 g - a potion of curing {unknown}


   Skills:
 - Level 2.1 Fighting
 * Level 4.6 Polearms
 - Level 1.7 Throwing
 - Level 2.6 Dodging


You had 3 spell levels left.
You didn't know any spells.
Your spell library was empty.

Dungeon Overview and Level Annotations

Branches:
Dungeon (2/15)

Altars:


Innate Abilities, Weirdness & Mutations

Your body is rotting away.
You thrive by killing the living.
You are immune to poison.
You have sharp fingernails.
Your flesh is cold resistant. (rC+)
You are immune to negative energy. (rN+++)
You do not regenerate when monsters are visible.
You are immune to unholy pain and torment.
You can survive without breathing.


Message History

The orc closely misses you. The orc hits you but does no damage.
The white imp sputters.
The white imp hits you. The white imp freezes you. You resist.
You barely miss the orc.
The orc is heavily wounded.
The orc hits you but does no damage. The orc barely misses you.
The white imp gestures at you. The puff of frost hits you. You resist.
* * * LOW HITPOINT WARNING * * *
Unknown command.
You closely miss the orc.
The orc is heavily wounded.
The orc hits you with a +0 flail.
* * * LOW HITPOINT WARNING * * *
The orc hits you with a +0 whip.
* * * LOW HITPOINT WARNING * * *
The white imp hits you.
* * * LOW HITPOINT WARNING * * *
The white imp freezes you. You resist.
You die...

# ## .# ....#
.#..###
.......
####.......
#@5...#
......oo##.?#
........# ..#
........# #.#
..#.##### .#
. #. .. # ##


You could see a white imp and 2 orcs.

Vanquished Creatures
  3 gnolls
  2 dart slugs
  A leopard gecko (D:1)
  6 orcs
  6 bats
  3 giant cockroaches
  5 goblins
  2 hobgoblins
  3 jackals (D:1)
  A ball python (D:1)
  3 frilled lizards
  3 kobolds
  4 rats
42 creatures vanquished.

Notes
Turn   | Place    | Note
-------+----------+-------------------------------------------
     0 | D:1      | Kinoniko the Ghoul Gladiator began the quest for the Orb.
     0 | D:1      | Reached XP level 1. HP: 17/17 MP: 0/0
   289 | D:1      | Reached skill level 3 in Polearms
   337 | D:1      | Reached XP level 2. HP: 24/24 MP: 1/1
   679 | D:1      | Reached XP level 3. HP: 29/29 MP: 2/2
   797 | D:1      | Reached skill level 4 in Polearms
  1369 | D:1      | Reached XP level 4. HP: 2/36 MP: 3/3
  2058 | D:2      | You fall into a shaft and drop 1 floor!
  2072 | D:3      | HP: 1/36 [white imp (1)]
  2072 | D:3      | Slain by a white imp

Illustrated notes

Levels and vault maps discovered:
D:1:      elethiomel_arrival_shortcut, layout_basic
D:2:      layout_rooms, chequers_ecumenical_altar_lobes, wad_orctagon
D:3:      layout_loops_cross

Skill      XL: |  1  2  3 |
---------------+----------+-----
Polearms       | 3 4 |  4.6
Fighting       | |  2.1
Throwing       | |  1.7
Dodging        | |  2.6

Action                   |  1- 3 |  4- 6 || total
-------------------------+-------+-------++-------
Melee: Trident           |    93 |       ||    93
       Halberd           |       |    65 ||    65
  Use: Scroll            |     3 |       ||     3
       Potion            |     2 |       ||     2
 Stab: Sleeping          |     2 |       ||     2
Armor: Leather armour    |    24 |    21 ||    45
Dodge: Dodged            |    71 |    40 ||   111

Table legend: (Time is in decaauts)
 A = Elapsed time spent in this place.
 B = Non-inter-level travel time spent in this place.
 C = Inter-level travel time spent in this place.
 D = Time resting spent in this place.
 E = Time spent auto-exploring this place.
 F = Levels seen in this place.
 G = Mean time per level.
                   A        B        C        D        E       F      G
               +--------+--------+--------+--------+--------+-----+--------+
         Total |   2102 |   2086 |     16 |   1247 |    542 |   3 |  700.7 |
       Dungeon |   2102 |   2086 |     16 |   1247 |    542 |   3 |  700.7 |
               +--------+--------+--------+--------+--------+-----+--------+

Top non-repeatable levels by time:
     D:1: 1633 daAuts
     D:2: 453 daAuts
     D:3: 16 daAuts
